 Dungeon Crawl Stone Soup version 0.26.1-11-gd32895ea62 (webtiles) character file.

Game seed: 9401702702873749253

49541 hawla the Cruncher (level 14, -15/113 HPs)
             Began as a Grey Draconian Conjurer on July 5, 2021.
             Was an Elder of Vehumet.
             Killed from afar by Jaliuk's ghost (31 damage)
             ... with a lance of force
             ... on level 14 of the Dungeon on July 6, 2021.
             The game lasted 01:43:07 (26985 turns).

hawla the Cruncher (Grey Draconian Conjurer)       Turns: 26985, Time: 01:43:08

Health: -15/113    AC: 23    Str: 15    XL:     14   Next: 16%
Magic:  9/25       EV: 16    Int: 37    God:    Vehumet [****..]
Gold:   301        SH: 10    Dex: 16    Spells: 0/28 levels left

rFire    + + .     SeeInvis .   A - staff of fire
rCold    . . .     Faith    .   Z - +2 buckler {rC+ rF+}
rNeg     . . .     Spirit   .   (armour unavailable)
rPois    .         Reflect  +   r - +2 hat {Int+3}
rElec    .         Harm     .   u - +1 cloak
rCorr    .         Rampage  .   o - +2 pair of gloves
Will     +....                  a - +2 pair of boots
Stlth    +++++.....             J - amulet of reflection
HPRegen  0.28/turn              q - ring of Ziprotuj {rC- Str+3 Int+5 Dex+6}
MPRegen  0.19/turn              K - +6 ring of intelligence

@: lethally poisoned (-15 -> -23)
A: walk through water, unfitting armour, camouflage 1, strong 1, unbreathing,
cold-blooded, AC +13
a: Renounce Religion


You were on level 14 of the Dungeon.
You worshipped Vehumet.
Vehumet was greatly pleased with you.
You visited 2 branches of the dungeon, and saw 16 of its levels.
You visited 1 bazaar.
You also visited: Ossuary and Bailey.

You collected 2315 gold pieces.
You spent 2014 gold pieces at shops.

Inventory:

Hand Weapons
 l - a +4 quarterstaff
Missiles
 k - 41 poisoned darts
 B - 7 silver boomerangs (quivered)
 C - 40 boomerangs
 I - 4 javelins
 M - 3 silver javelins
Armour
 a - a +2 pair of boots (worn)
 o - a +2 pair of gloves (worn)
 r - a +2 hat of intelligence (worn)
 u - a +1 cloak (worn)
 Z - a +2 buckler of resistance (worn)
Magical Staves
 A - an uncursed staff of fire (weapon)
 G - an uncursed staff of poison
Jewellery
 b - an uncursed ring of fire
 q - the ring of Ziprotuj (left hand) {rC- Str+3 Int+5 Dex+6}
   (You found it on level 6 of the Dungeon)

   [ring of dexterity]

   It affects your strength (+3).
   It affects your intelligence (+5).
   It affects your dexterity (+6).
   It makes you vulnerable to cold.
 J - an amulet of reflection (around neck)
 K - a +6 ring of intelligence (right hand)
 L - an uncursed ring of resist corrosion
 N - an uncursed ring of protection from cold
 P - an uncursed ring of see invisible
Wands
 d - a wand of flame (73)
 f - a wand of iceblast (8)
 n - a wand of digging (3)
 t - a wand of paralysis (3)
 D - a wand of enslavement (10)
 O - a wand of disintegration (4)
Scrolls
 h - 8 scrolls of identify
 i - 11 scrolls of remove curse
 j - 3 scrolls of magic mapping
 w - 2 scrolls of amnesia
 y - 4 scrolls of fog
Potions
 c - 4 potions of brilliance
 g - a potion of haste
 v - a potion of resistance
 E - 2 potions of cancellation
 Q - 2 potions of might
 R - 3 potions of curing
 S - 3 potions of invisibility
 T - a potion of heal wounds
 U - 2 potions of lignification
 W - a potion of flight
Miscellaneous
 e - a condenser vane (inert)
 F - a box of beasts (inert)
 V - a phial of floods
 X - a phial of floods


   Skills:
 - Level 7.0 Fighting
 - Level 12.0 Staves
 + Level 2.5 Throwing
 - Level 6.6 Dodging
 - Level 7.1 Stealth
 + Level 7.8 Spellcasting
 - Level 10.0 Conjurations
 - Level 7.0 Translocations
 + Level 5.5 Transmutations
 - Level 3.0 Fire Magic
 + Level 9.8 Earth Magic
 - Level 3.0 Poison Magic
 - Level 5.0 Evocations


You couldn't memorise any spells.
You knew the following spells:

 Your Spells              Type           Power        Failure   Level
a - Magic Dart            Conj           100%         1%          1
b - Searing Ray           Conj           100%         1%          2
c - Iskenderun's Mystic   Conj/Tloc      67%          1%          4
d - Fireball              Conj/Fire      38%          2%          5
e - Ignite Poison         Fire/Tmut/Pois 59%          1%          3
f - Iskenderun's Battles  Conj           73%          1%          5
g - Iron Shot             Conj/Erth      36%          3%          6
h - Blink                 Tloc           N/A          1%          2

Your spell library contained the following spells:

 Spells                   Type           Power        Failure   Level
 Apportation              Tloc           100%         1%          1
 Foxfire                  Conj/Fire      100%         1%          1
 Freeze                   Ice            56%          1%          1
 Sandblast                Erth           100%         1%          1
 Passwall                 Tmut/Erth      52%          1%          2
 Conjure Flame            Conj/Fire      76%          1%          3
 Dazzling Flash           Conj/Hex       100%         1%          3
 Gell's Gravitas          Tloc           30%          1%          3
 Lesser Beckoning         Tloc           30%          1%          3
 Mephitic Cloud           Conj/Pois/Air  46%          1%          3
 Stone Arrow              Conj/Erth      100%         1%          3
 Fulminant Prism          Conj/Hex       25%          1%          4
 Hailstorm                Conj/Ice       51%          1%          4
 Petrify                  Tmut/Erth      63%          1%          4
 Sticky Flame             Conj/Fire      76%          1%          4
 Inner Flame              Hex/Fire       38%          2%          3
 Poisonous Vapours        Pois/Air       50%          3%          2
 Portal Projectile        Hex/Tloc       80%          3%          3
 Frozen Ramparts          Ice            28%          4%          3
 Call Imp                 Summ           14%          7%          2
 Slow                     Hex            14%          7%          2
 Yara's Violent Unravell  Hex/Tmut       17%          11%         5
 Starburst                Conj/Fire      38%          13%         6
 Confusing Touch          Hex            14%          14%         3
 Ozocubu's Armour         Ice            14%          14%         3
 Tukima's Dance           Hex            14%          14%         3
 Alistair's Intoxication  Tmut/Pois      30%          22%         5
 Eringya's Noxious Bog    Tmut/Pois      23%          30%         6
 Statue Form              Tmut/Erth      42%          30%         6
 Dispersal                Tloc           30%          36%         6
 Summon Ice Beast         Ice/Summ       14%          41%         4
 Freezing Cloud           Conj/Ice/Air   19%          41%         6
 Metabolic Englaciation   Hex/Ice        7%           77%         5
 Invisibility             Hex            14%          100%        6
 Disjunction              Tloc           30%          100%        8
 Ignition                 Fire           26%          100%        8


Dungeon Overview and Level Annotations

Branches:
Dungeon (15/15)            Temple (1/1) D:5            Lair (0/6) D:8
    Orc (0/2) D:12         Vaults (0/5) D:13         Depths (0/5) D:15
Ossuary (visited)          Bailey (visited)

Altars:
Ashenzari
Cheibriados
Dithmenos
Elyvilon
Fedhas
Gozag
Hepliaklqana
Kikubaaqudgha
Makhleb
Nemelex Xobeh
Okawaru
Qazlal
Ru
Sif Muna
Trog
Uskayaw
Vehumet
Wu Jian
Xom
Yredelemnul
Zin
The Shining One

Shops:
D:11 *   D:14 *

Annotations:
D:3 can you dig it
D:14 Jaliuk's ghost, journeyman DECj


Innate Abilities, Weirdness & Mutations

You can walk through water.
Your dull iron-grey scales are very hard. (AC +13)
You cannot fit into any form of body armour.
You can survive without breathing.
You are cold-blooded and may be slowed by cold attacks.
Your skin changes colour to match your surroundings (Stealth+).
Your muscles are strong. (Str +2)


Message History

Jaliuk's ghost points at you and mumbles some strange words.
The magic dart hits you.
You feel sick.
You feel sick.
Jaliuk's ghost casts a spell.
Jaliuk's ghost begins to radiate toxic energy.
* * * LOW HITPOINT WARNING * * *
You are more poisoned.
You feel sick.
* * * LOW HITPOINT WARNING * * *
You are more poisoned.
* * * LOW HITPOINT WARNING * * *
You are more poisoned.
There is a stone staircase leading up here.
You feel sick.
* * * LOW HITPOINT WARNING * * *
You are more poisoned.
Jaliuk's ghost casts a spell at you. The lance of force hits you!!
You die...

#........###.....####
##...................
##....############## #....# ♣♣≈♣♣
#)...# ♣♣≈≈≈♣♣ #....# ♣♣≈≈≈≈≈♣♣
#....# ♣♣≈≈≈≈≈≈≈♣♣
###############....#♣♣≈≈♣≈≈≈♣≈)♣♣
#............W..@..#♣≈≈≈≈...≈≈†≈♣
#.........(........#≈≈≈≈≈.♣)≈≈≈≈†
#...###'####.......#♣≈≈≈≈...≈≈≈≈♣
#..#8..§#..8#......#♣♣≈≈♣≈≈≈♣≈†♣♣
#..#...#....#......# ♣♣≈≈≈≈≈≈≈♣♣
#..#....#...#......# ♣♣≈≈≈≈≈♣♣
#..'.#.#.#.##....(.# ♣♣≈≈≈♣♣
#..##.#)#.#.+.##.### ♣♣≈♣♣
##.#...#....#.##...# ###


You could see Jaliuk's ghost (toxic aura).

Vanquished Creatures
  Gastronok (D:9)
  Roxanne (D:15)
  The ghost of Otiaser the Alchemist, a journeyman DrTm of Wu Jian (D:15)
  3 boulder beetles
  2 ice dragons (D:15)
  2 hydras
  4 vault guards (D:13)
  A centaur warrior (D:15)
  3 two-headed ogres
  3 tengu warriors
  3 unseen horrors
  The ghost of Charcat the Shield-Bearer, a novice TrFi of Qazlal (D:6)
  Pikel (D:5)
  A deep elf mage (D:14)
  13 ugly things
  4 cyclopes
  4 manticores
  Joseph (D:7)
  3 gargoyles
  2 kobold demonologists
  2 komodo dragons (D:13)
  A komodo dragon (shapeshifter) (D:14)
  An efreet (D:14)
  3 trolls
  2 hornets
  A troll (shapeshifter) (D:14)
  14 slime creatures
  Sigmund (D:4)
  2 vampires
  2 water elementals (D:14)
  3 yaks (D:13)
  5 wraiths
  5 wyverns
  Eustachio (D:4)
  2 shadows
  A basilisk (D:14)
  A steam dragon (D:9)
  5 vampire mosquitoes
  Menkaure (D:7)
  2 acid dragons
  2 floating eyes (shapeshifter) (D:14)
  Duvessa (D:5)
  5 ice beasts
  9 orc warriors
  2 hornet zombies
  2 sky beasts
  A black bear (D:8)
  11 ogres
  2 phantoms
  13 centaurs
  A lemure (D:5)
  2 big kobolds
  An elf zombie (Ossuary)
  Blork the orc (D:5)
  11 bullfrogs
  2 wyvern zombies
  2 gnoll sergeants (D:6)
  3 scorpions
  Dowan (D:5)
  16 killer bees
  6 electric eels (D:14)
  18 wights
  4 centaur zombies
  A bullfrog zombie (D:12)
  4 jellies
  10 orc priests
  A wyvern simulacrum (D:14)
  3 quasits
  A gnoll shaman (D:6)
  2 hounds
  4 bullfrog skeletons
  9 centaur skeletons
  7 iguanas
  11 orc wizards
  13 worker ants
  A big kobold zombie (Ossuary)
  A hound skeleton (D:5)
  A hound zombie (D:9)
  2 mummies (Ossuary)
  A worker ant zombie (D:7)
  A howler monkey zombie (D:6)
  11 adders
  8 gnolls
  2 shadow imps
  2 white imps
  2 ufetubi
  An adder skeleton (D:6)
  6 worms
  2 dart slugs
  9 leopard geckos
  48 orcs
  5 giant cockroaches
  7 gnoll zombies (Ossuary)
  7 goblins
  20 hobgoblins
  7 jackals
  23 kobolds
  5 quokkas
  7 bats
  6 frilled lizards
  A goblin zombie (Ossuary)
  A jackal skeleton (D:6)
  2 orc zombies (Ossuary)
  A quokka zombie (D:5)
  8 rats
489 creatures vanquished.

Vanquished Creatures (others)
  9 fungi (D:4)
  12 plants
21 creatures vanquished.

Grand Total: 510 creatures vanquished

Notes
Turn   | Place    | Note
-------+----------+-------------------------------------------
     0 | D:1      | hawla the Draconian Conjurer began the quest for the Orb.
     0 | D:1      | Reached XP level 1. HP: 14/14 MP: 3/3
   208 | D:1      | Reached XP level 2. HP: 22/22 MP: 0/5
   275 | D:1      | Reached skill level 1 in Fighting
   347 | D:1      | Learned a level 2 spell: Searing Ray
   366 | D:1      | Reached skill level 1 in Translocations
   941 | D:1      | Reached XP level 3. HP: 28/28 MP: 3/6
  1525 | D:2      | Reached XP level 4. HP: 35/35 MP: 0/7
  1530 | D:2      | Learned a level 4 spell: Iskenderun's Mystic Blast
  2079 | D:2      | Reached skill level 5 in Conjurations
  2585 | D:3      | Reached XP level 5. HP: 40/40 MP: 0/8
  3477 | D:3      | Found a bloodstained altar of Trog.
  3656 | D:3      | Found a glowing silver altar of Zin.
  3656 | D:3      | Noticed an angel
  3829 | D:4      | Noticed Eustachio
  3850 | D:4      | Killed Eustachio
  3851 | D:4      | Reached XP level 6. HP: 5/47 MP: 0/9
  3860 | D:4      | HP: 3/70 [poisoned by Eustachio]
  3868 | D:4      | HP: 2/47 [poisoned by Eustachio]
  4222 | D:4      | Found a sacrificial altar of Ru.
  4329 | D:4      | Reached skill level 1 in Staves
  4329 | D:4      | Your scales start taking on a dull iron-grey colour.
  4329 | D:4      | Reached XP level 7. HP: 52/52 MP: 0/10
  4329 | D:4      | Gained mutation: You can survive without breathing. [Grey
                  | Draconian growth]
  4495 | D:4      | Noticed Sigmund
  4506 | D:4      | Killed Sigmund
  4670 | D:4      | Found Uhiofoc's Magic Scroll Boutique.
  4906 | D:4      | Reached skill level 2 in Staves
  5061 | D:4      | Found a basalt altar of Yredelemnul.
  5657 | D:4      | Found a blossoming altar of Fedhas.
  5794 | D:5      | Entered Level 5 of the Dungeon
  5818 | D:5      | Reached XP level 8. HP: 56/61 MP: 11/11
  5872 | D:5      | Found a staircase to the Ecumenical Temple.
  5892 | Temple   | Entered the Ecumenical Temple
  6431 | D:5      | Noticed Blork the orc
  6431 | D:5      | Noticed Pikel
  6436 | D:5      | Killed Pikel
  6437 | D:5      | Reached skill level 4 in Staves
  6438 | D:5      | Killed Blork the orc
  6784 | D:5      | Reached XP level 9. HP: 65/68 MP: 0/14
  6907 | D:5      | Noticed Duvessa
  6910 | D:5      | Noticed Dowan
  7055 | D:5      | Killed Dowan
  7056 | D:5      | Reached skill level 1 in Evocations
  7065 | D:5      | Gained mutation: Your skin changes colour to match your
                  | surroundings (Stealth+). [potion of mutation]
  7065 | D:5      | Gained mutation: Your muscles are strong. (Str +2) [potion
                  | of mutation]
  7272 | D:5      | Killed Duvessa
  7690 | D:6      | Found an ornate altar of the Wu Jian Council.
  7693 | D:6      | Found a hide-covered altar of Uskayaw.
  7696 | D:6      | Found a stormy altar of Qazlal.
  7699 | D:6      | Found an ancient bone altar of Kikubaaqudgha.
  7747 | D:6      | Got a pitted steel ring
  7754 | D:6      | Noticed Charcat's ghost (novice TrFi)
  7821 | D:6      | Identified the ring of Ziprotuj {rC- Str+3 Int+5 Dex+6}
                  | (You found it on level 6 of the Dungeon)
  8111 | D:6      | Reached skill level 5 in Staves
  8215 | D:6      | Found a transporter.
  8216 | D:6      | Found a transporter.
  8376 | D:6      | Found a radiant altar of Vehumet.
  8376 | D:6      | Found a bloodstained altar of Trog.
  8386 | D:6      | Found a glowing golden altar of the Shining One.
  8389 | D:6      | Became a worshipper of Vehumet
  8393 | D:6      | Found a faded altar of an unknown god.
  8395 | D:6      | Found a white marble altar of Elyvilon.
  8742 | D:6      | Reached skill level 5 in Dodging
  8923 | D:7      | Noticed Menkaure
  8928 | D:7      | Killed Menkaure
  9218 | D:7      | Found a shadowy altar of Dithmenos.
  9308 | D:7      | Noticed Joseph
  9320 | D:7      | Killed Joseph
 10021 | D:8      | Found a flagged portal.
 10030 | Bailey   | Entered a bailey
 10181 | Bailey   | Reached skill level 6 in Staves
 10280 | Bailey   | Found a bloodstained altar of Trog.
 10283 | Bailey   | Reached XP level 10. HP: 78/78 MP: 11/16
 10291 | Bailey   | Reached skill level 5 in Translocations
 10477 | D:8      | Found a sand-covered staircase.
 10486 | Ossuary  | Entered an ossuary
 10509 | Ossuary  | Reached * piety under Vehumet
 10509 | Ossuary  | Offered knowledge of Shock by Vehumet.
 10733 | D:8      | Found a glowing golden altar of the Shining One.
 11177 | D:8      | Reached skill level 5 in Stealth
 11423 | D:8      | Found a staircase to the Lair.
 12209 | D:9      | Noticed Gastronok
 12241 | D:9      | Killed Gastronok
 12242 | D:9      | Reached skill level 7 in Staves
 12242 | D:9      | Reached skill level 5 in Spellcasting
 12663 | D:9      | Found a shimmering blue altar of Sif Muna.
 12793 | D:9      | Offered knowledge of Sandblast by Vehumet.
 12884 | D:9      | Reached ** piety under Vehumet
 13047 | D:9      | Reached XP level 11. HP: 84/85 MP: 15/19
 13225 | D:10     | Entered Level 10 of the Dungeon
 13240 | D:10     | Found an ornate altar of the Wu Jian Council.
 13262 | D:10     | Noticed a boulder beetle
 13277 | D:10     | Killed a boulder beetle
 13278 | D:10     | Reached skill level 8 in Staves
 13278 | D:10     | Reached skill level 1 in Poison Magic
 13427 | D:10     | Found a hide-covered altar of Uskayaw.
 13613 | D:10     | Noticed a two-headed ogre
 13625 | D:10     | Killed a two-headed ogre
 13626 | D:10     | Reached skill level 5 in Fighting
 14561 | D:10     | Learned a level 5 spell: Fireball
 14565 | D:10     | Learned a level 3 spell: Ignite Poison
 14699 | D:6      | Killed Charcat's ghost
 15239 | D:11     | Reached skill level 1 in Throwing
 15437 | D:11     | Found Mosmu's General Store.
 15443 | D:11     | Offered knowledge of Conjure Flame by Vehumet.
 15502 | D:11     | Bought 3 scrolls of identify for 66 gold pieces
 15502 | D:11     | Bought 3 silver javelins for 79 gold pieces
 15502 | D:11     | Bought a scroll of identify for 22 gold pieces
 15502 | D:11     | Bought a potion of brilliance for 44 gold pieces
 15502 | D:11     | Bought a scroll of torment for 82 gold pieces
 15643 | D:4      | Bought a scroll of identify for 20 gold pieces
 15643 | D:4      | Bought a scroll of fog for 20 gold pieces
 15643 | D:4      | Bought a scroll of identify for 20 gold pieces
 15643 | D:4      | Bought a scroll of remove curse for 30 gold pieces
 15643 | D:4      | Bought a scroll of identify for 20 gold pieces
 15643 | D:4      | Bought a scroll of teleportation for 30 gold pieces
 15643 | D:4      | Bought a scroll of amnesia for 35 gold pieces
 15643 | D:4      | Bought a scroll of fog for 20 gold pieces
 16048 | D:11     | Reached *** piety under Vehumet
 16320 | D:11     | Found an iron altar of Okawaru.
 16594 | D:12     | Reached skill level 1 in Transmutations
 16905 | D:12     | Reached skill level 9 in Staves
 17032 | D:12     | Offered knowledge of Airstrike by Vehumet.
 17149 | D:12     | Found a staircase to the Orcish Mines.
 17157 | D:12     | Noticed a red ugly thing
 17176 | D:12     | Killed a red ugly thing
 17177 | D:12     | Reached XP level 12. HP: 26/95 MP: 1/22
 17231 | D:12     | Noticed a five-headed hydra
 17575 | D:12     | Noticed a boulder beetle
 17584 | D:12     | Noticed a two-headed ogre
 17773 | D:12     | Killed a two-headed ogre
 17876 | D:12     | Killed a boulder beetle
 17877 | D:12     | Reached skill level 1 in Fire Magic
 17877 | D:12     | Reached skill level 1 in Earth Magic
 18451 | D:12     | You fall into a shaft and drop 1 floor!
 18456 | D:13     | Reached **** piety under Vehumet
 18459 | D:13     | Offered knowledge of Iskenderun's Battlesphere by Vehumet.
 18467 | D:13     | Learned a level 5 spell: Iskenderun's Battlesphere
 18624 | D:13     | Found a gate to the Vaults.
 18624 | D:13     | Noticed a vault guard
 18624 | D:13     | Noticed a vault guard
 18624 | D:13     | Noticed a vault guard
 18624 | D:13     | Noticed a vault guard
 18772 | D:13     | Killed a vault guard
 18952 | D:13     | Reached skill level 10 in Conjurations
 19245 | D:13     | Noticed a two-headed ogre
 19252 | D:13     | Killed a two-headed ogre
 19493 | D:12     | Killed a five-headed hydra
 19494 | D:12     | Reached skill level 10 in Staves
 19506 | D:12     | Reached skill level 5 in Earth Magic
 19852 | D:12     | Paralysed by a hornet for 3 turns
 19944 | D:13     | Killed a vault guard
 20495 | D:13     | Killed a vault guard
 20758 | D:13     | Noticed a boulder beetle
 20773 | D:13     | Killed a boulder beetle
 20774 | D:13     | Reached XP level 13. HP: 96/102 MP: 6/23
 21041 | D:13     | Reached skill level 11 in Staves
 21431 | D:14     | Found Goroast's General Store.
 21506 | D:14     | Found a flickering gateway to a bazaar.
 21517 | Bazaar   | Entered a bazaar
 21517 | Bazaar   | Found Notit's Jewellery Shop.
 21517 | Bazaar   | Found Obeweum's Distillery.
 21624 | Bazaar   | Found Jahiom's Weapon Boutique.
 21654 | Bazaar   | Found Luist's Antique Weapon Shoppe.
 21658 | Bazaar   | Found Waaseoci's Magic Scroll Boutique.
 21697 | Bazaar   | Bought 8 silver boomerangs for 96 gold pieces
 21705 | Bazaar   | Bought an uncursed amulet of reflection for 330 gold pieces
 21705 | Bazaar   | Bought an uncursed ring of protection from cold for 275
                  | gold pieces
 21705 | Bazaar   | Bought an uncursed ring of see invisible for 165 gold
                  | pieces
 21749 | Bazaar   | Bought 2 potions of curing for 54 gold pieces
 21749 | Bazaar   | Bought 2 potions of invisibility for 144 gold pieces
 21749 | Bazaar   | Bought a potion of heal wounds for 45 gold pieces
 21749 | Bazaar   | Bought a potion of lignification for 27 gold pieces
 21749 | Bazaar   | Bought a potion of curing for 27 gold pieces
 21749 | Bazaar   | Bought a potion of invisibility for 72 gold pieces
 21749 | Bazaar   | Bought a potion of lignification for 27 gold pieces
 21749 | Bazaar   | Bought a potion of might for 36 gold pieces
 21762 | Bazaar   | Bought a scroll of teleportation for 27 gold pieces
 21765 | Bazaar   | Bought a scroll of magic mapping for 31 gold pieces
 21765 | Bazaar   | Bought a scroll of enchant weapon for 67 gold pieces
 21765 | Bazaar   | Bought a scroll of identify for 18 gold pieces
 21765 | Bazaar   | Bought a scroll of enchant armour for 67 gold pieces
 21765 | Bazaar   | Bought a scroll of identify for 18 gold pieces
 22397 | D:14     | Reached ***** piety under Vehumet
 22399 | D:14     | Offered knowledge of Eringya's Noxious Bog by Vehumet.
 22408 | D:14     | Learned a level 6 spell: Eringya's Noxious Bog
 22518 | D:14     | Found a runed translucent gate.
 22518 | D:14     | Found a runed translucent gate.
 22518 | D:14     | Found a runed translucent gate.
 22518 | D:14     | Found an ancient bone altar of Kikubaaqudgha.
 22518 | D:14     | Noticed a lich
 22518 | D:14     | Noticed a lich
 22518 | D:14     | Noticed a lich
 22518 | D:14     | Noticed Jaliuk's ghost (journeyman DECj)
 22519 | D:14     | Noticed a lich
 23687 | D:15     | Entered Level 15 of the Dungeon
 23767 | D:15     | Found a runed translucent gate.
 23825 | D:15     | Noticed Otiaser's ghost (journeyman DrTm)
 23826 | D:15     | Found a runed translucent gate.
 23827 | D:15     | Found a runed translucent gate.
 24565 | D:15     | Reached skill level 5 in Transmutations
 24674 | D:15     | Found a white marble altar of Elyvilon.
 24858 | D:15     | Reached XP level 14. HP: 113/113 MP: 12/25
 25139 | D:15     | Identified Roxanne's Catalogue of Earth
 25139 | D:15     | Noticed Roxanne
 25499 | D:15     | Killed Roxanne
 25763 | D:15     | Reached skill level 5 in Evocations
 26100 | D:15     | Found a staircase to the Depths.
 26417 | D:15     | Learned a level 2 spell: Blink
 26513 | D:15     | Killed Otiaser's ghost
 26514 | D:15     | Reached skill level 12 in Staves
 26745 | D:14     | Learned a level 6 spell: Iron Shot
 26763 | D:14     | Noticed a Hell Sentinel
 26985 | D:14     | Killed from afar by Jaliuk's ghost

Illustrated notes

Levels and vault maps discovered:
D:1:      ncdulo_smallfort, layout_basic, minmay_misc_feat_chi
D:2:      layout_loops_cross
D:3:      layout_basic, zin_angel, trog_butcher_becter
D:4:      layout_loops_corners, hangedman_ru_absence, lemuel_round_altar,
          serial_shops, shop, ebering_dispersal_statue_hall, fedhas_altar_3,
          uniq_sigmund, uniq_eustachio
D:5:      layout_gridville, minmay_temple_entry_statues_pillars, uniq_pikel,
          uniq_duvessa, uniq_blork_the_orc
D:6:      layout_basic, chequers_temple_overflow_minitemple,
          grunt_temple_overflow_cloverleaf, gammafunk_ghost_gnarly_gnolls
D:7:      layout_basic, kennysheep_mini, nrook_campfire, uniq_menkaure,
          uniq_joseph
D:8:      layout_layer_cave, dpeg_oklobed_lair, nicolae_ossuary_entry_ruins,
          basic_altar, enter_bailey_2
D:9:      layout_roguey, lemuel_coloured_pillars_altar, uniq_gastronok
D:10:     layout_cave_pods, nzn_masters_of_martial_movement
D:11:     layout_roguey, basic_altar, serial_shops, shop
D:12:     layout_grid_maze, david_orc_3, minmay_checkerbox
D:13:     layout_long_grid, lightli_vaults_fourway_checkpoint
D:14:     kennysheep_four_of_diamonds, layout_rooms, gammafunk_ghost_crypt,
          serial_shops, bzr_entry_dummy, nicolae_shop_crystal, minivault_1,
          minmay_misc_feat_plants
D:15:     grunt_enter_depths_hoard, layout_long_grid, ebering_ghost_rock_garden,
          wad_floor_pattern_1, lemuel_statue_altar, uniq_roxanne
Temple:   compressed_dpeg_triangle_lava_temple

Skill      XL: |  1  2  3  4  5  6  7  8  9 10 11 12 13 14 |
---------------+-------------------------------------------+-----
Fighting       | 1 2 3 4 5 6 7 |  7.0
Translocations | 1 2 3 4 5 6 7 |  7.0
Conjurations   | 5 6 7 8 9 10 | 10.0
Dodging        | 2 3 4 5 6 |  6.6
Stealth        | 2 3 4 6 7 |  7.1
Staves         | 1 2 4 6 7 9 10 11 12 | 12.0
Spellcasting   | 3 4 5 6 7 |  7.8
Evocations     | 1 2 3 4 5 |  5.0
Poison Magic   | 1 3 |  3.0
Throwing       | 1 2 |  2.5
Transmutations | 1 4 5 |  5.5
Fire Magic     | 1 3 |  3.0
Earth Magic    | 6 9 |  9.8

Action                   |  1- 3 |  4- 6 |  7- 9 | 10-12 | 13-15 || total
-------------------------+-------+-------+-------+-------+-------++-------
Melee: Unarmed           |    20 |       |       |       |       ||    20
       Tailslap          |     4 |     6 |    21 |    59 |     9 ||    99
       Quarterstaff      |    12 |   135 |   194 |   204 |    21 ||   566
       Staff             |       |       |       |   153 |    28 ||   181
Throw: Dart              |       |       |     2 |    39 |    22 ||    63
       Javelin           |       |       |       |     3 |     1 ||     4
       Boomerang         |       |       |       |       |     6 ||     6
 Cast: Magic Dart        |    45 |    10 |    22 |    36 |    59 ||   172
       Searing Ray       |    17 |    18 |    37 |    68 |    43 ||   183
       Iskenderun's Myst |       |     5 |    35 |   126 |    90 ||   256
       Fireball          |       |       |       |    18 |    28 ||    46
       Ignite Poison     |       |       |       |     3 |     6 ||     9
       Iskenderun's Batt |       |       |       |     4 |     9 ||    13
       Eringya's Noxious |       |       |       |       |     1 ||     1
       Blink             |       |       |       |       |     2 ||     2
Evoke: Wand              |       |     3 |     5 |    22 |    16 ||    46
       Condenser vane    |       |       |       |     1 |     1 ||     2
       Box of beasts     |       |       |       |       |     1 ||     1
  Use: Scroll            |     5 |     8 |    10 |    25 |    13 ||    61
       Potion            |       |     3 |     3 |     8 |     1 ||    15
 Stab: Sleeping          |       |     4 |    10 |    17 |       ||    31
Armor: Skin              |    12 |   137 |   119 |   216 |   110 ||   594
Dodge: Dodged            |    32 |   115 |   308 |   391 |    70 ||   916
Block: Buckler           |       |       |       |       |    26 ||    26
       Reflection        |       |       |       |       |     9 ||     9
